 Dungeon Crawl Stone Soup version 0.20.0-7-g3b7b877 (webtiles) character file.

10569 rageheart7 the Slicer (level 11, -4/68 HPs)
             Began as a Kobold Gladiator on May 27, 2017.
             Was a High Priest of Uskayaw.
             Slain by a yak (17 damage)
             ... on level 11 of the Dungeon on May 28, 2017.
             The game lasted 00:26:04 (12504 turns).

rageheart7 the Slicer (Kobold Gladiator)           Turns: 12504, Time: 00:26:04

Health: -4/68      AC: 13    Str: 18    XL:     11   Next: 95%
Magic:  7/12       EV: 29    Int: 12    God:    Uskayaw [*****.]
Gold:   286        SH:  0    Dex: 22    Spells: 10/10 levels left

rFire    . . .     SeeInvis .   a - +1 rapier
rCold    . . .     Gourm    .   (shield restricted)
rNeg     + . .     Faith    .   n - +2 robe {rN+}
rPois    .         Spirit   .   B - +1 helmet {Int+3}
rElec    .         Reflect  .   (no cloak)
rCorr    .         Harm     .   g - +0 pair of gloves
MR       .....                  l - +2 pair of boots
Stlth    +++++++...             (no amulet)
Regen    0.3/turn               e - +3 ring of strength
MPRegen  0.2/turn               v - +2 ring of protection

@: agile, very slightly contaminated
A: talons 1, icy blue scales 1, carnivore 3, deformed body
a: Stomp, Line Pass, Grand Finale, Renounce Religion


You were on level 11 of the Dungeon.
You worshipped Uskayaw.
Uskayaw was noncommittal.
You were completely stuffed.

You visited 2 branches of the dungeon, and saw 12 of its levels.

You collected 578 gold pieces.
You spent 292 gold pieces at shops.

Inventory:

Hand Weapons
 a - a +1 rapier (weapon)
 x - a +0 hand crossbow
Missiles
 d - 3 throwing nets (quivered)
 s - 69 bolts
Armour
 g - a +0 pair of gloves (worn)
 l - a +2 pair of boots (worn)
 n - a +2 robe of positive energy (worn)
 B - a +1 helmet of intelligence (worn)
Jewellery
 e - a +3 ring of strength (left hand)
 v - a +2 ring of protection (right hand)
Wands
 o - a wand of flame (18/48)
 r - a wand of acid (7/15)
 u - a wand of flame (19/48)
 y - a wand of lightning (7/15)
Scrolls
 b - 9 scrolls of teleportation
 i - 2 scrolls of amnesia
 j - 2 scrolls of fog
 m - a scroll of remove curse
 q - a scroll of blinking
 w - a scroll of enchant weapon
 z - a scroll of recharging
 E - 2 scrolls of identify
Potions
 k - a potion of magic
 t - a potion of ambrosia {unknown}
 A - 2 potions of curing
 C - a potion of lignification {unknown}
 D - a potion of haste
Miscellaneous
 F - a box of beasts
Comestibles
 c - 2 chunks of flesh
 f - 5 meat rations
 h - 4 royal jellies


   Skills:
 * Level 7.9 Fighting
 - Level 14.1 Short Blades
 - Level 2.1 Throwing
 * Level 9.3 Dodging
 * Level 14.0 Stealth
 - Level 1.6 Evocations


You had 10 spell levels left.
You didn't know any spells.

Dungeon Overview and Level Annotations

Branches:
Dungeon (11/15)            Temple (1/1) D:6            Lair (0/6) D:8
    Orc: D:9-12

Altars:
Ashenzari
Cheibriados
Dithmenos
Elyvilon
Fedhas
Gozag
Hepliaklqana
Kikubaaqudgha
Makhleb
Nemelex Xobeh
Okawaru
Qazlal
Ru
Sif Muna
Trog
Uskayaw
Vehumet
Xom
Yredelemnul
Zin
The Shining One

Shops:
D:11 *[

Annotations:
D:8 Terrapin's ghost, novice DsGl


Innate Abilities, Weirdness & Mutations

You are small and have problems with some larger weapons.
You are carnivorous and can eat meat at any time.
You have sharp toenails.
You are partially covered in icy blue scales. (AC +2)
Armour fits poorly on your strangely shaped body.


Message History

You puncture the yak!
The yak is almost dead.
You puncture the yak!
You kill the yak!
Your Stealth skill increases to level 14!
You hit the yak but do no damage. You hit the yak but do no damage.
The yak gores you!
You puncture the yak!
The yak is moderately wounded.
You can now merge with and destroy a victim.
You puncture the yak!
The yak is severely wounded.
The yak gores you!
* * * LOW HITPOINT WARNING * * *
You hit the yak.
The yak is severely wounded.
You closely miss the yak.
The yak is severely wounded.
The yak gores you!
You die...

##. #.. #.. ########## ##..
#........# #... #.!......#
##.. #...)....# #..
#..(.....##### ######."
#...?...YYY@.## #...)...
#)......Y###..#######.###.#.
########.####....##...# #...
#..Y..##.......### ###.
#Y.########...## ##
#...#_'.'†##.#.# #
#..#.###.####...#########
#.Y##.#)'.'.###...<.......
.... ..###.#####...........


You could see 4 yaks.

Vanquished Creatures
  2 two-headed ogres
  3 unseen horrors (D:11)
  Pikel (D:6)
  A centaur skeleton (D:11)
  Prince Ribbit (D:8)
  3 hippogriffs (D:11)
  A wyvern (D:10)
  2 yaks (D:11)
  2 hungry ghosts
  2 water moccasins
  7 orc warriors
  2 black bears
  An ice beast (D:5)
  2 sky beasts
  3 necrophages
  4 ogres
  3 phantoms
  2 slaves (D:6)
  4 centaurs
  6 bullfrogs
  A big kobold (D:9)
  An elf skeleton (D:11)
  An elf zombie (D:11)
  A wyvern zombie (D:7)
  A water moccasin skeleton (D:8)
  10 killer bees
  7 wights (D:11)
  A howler monkey (D:10)
  4 crimson imps
  2 bullfrog zombies
  2 centaur zombies
  3 hounds
  A jelly (D:11)
  A quasit (D:9)
  A bullfrog skeleton (D:10)
  2 human zombies (D:11)
  5 orc priests
  8 orc wizards
  A gnoll shaman (D:4)
  Terence (D:2)
  A human skeleton (D:11)
  12 worker ants
  2 hound skeletons (D:5)
  3 mummies (D:11)
  2 worker ant zombies
  3 gnolls (D:5)
  12 adders
  A shadow imp (D:6)
  2 oozes
  2 adder zombies (D:6)
  3 worms (D:2)
  2 dart slugs
  7 leopard geckos
  47 orcs
  8 bats
  3 giant cockroaches
  9 goblins
  9 hobgoblins
  15 jackals
  9 kobolds
  6 quokkas
  4 ball pythons
  7 frilled lizards
  A giant cockroach zombie (D:5)
  A quokka skeleton (D:5)
  2 rats
  A spectral orc (D:3)
280 creatures vanquished.

Vanquished Creatures (others)
  A howler monkey zombie (D:6)
1 creature vanquished.

Grand Total: 281 creatures vanquished

Notes
Turn   | Place    | Note
-------+----------+-------------------------------------------
     0 | D:1      | rageheart7 the Kobold Gladiator began the quest for the Orb.
     0 | D:1      | Reached XP level 1. HP: 12/12 MP: 1/1
     0 | D:1      | Upgraded the game from 0.20.0-4-g10b340a to 0.20.0-7-g3b7b877
   412 | D:1      | Reached XP level 2. HP: 17/17 MP: 2/2
   430 | D:1      | Reached skill level 1 in Stealth
   474 | D:1      | Reached skill level 5 in Short Blades
   486 | D:1      | Reached XP level 3. HP: 17/21 MP: 3/3
  1077 | D:2      | Reached XP level 4. HP: 26/26 MP: 4/4
  1129 | D:2      | Noticed Terence
  1160 | D:2      | Killed Terence
  1646 | D:2      | Reached XP level 5. HP: 18/30 MP: 5/5
  2151 | D:3      | Found a blossoming altar of Fedhas.
  2292 | D:3      | Found a basalt altar of Yredelemnul.
  2771 | D:3      | Gained mutation: Armour fits poorly on your strangely shaped body. [potion of mutation]
  2771 | D:3      | Gained mutation: You have sharp toenails. [potion of mutation]
  2771 | D:3      | Gained mutation: You are partially covered in icy blue scales. (AC +2) [potion of mutation]
  3063 | D:3      | Reached XP level 6. HP: 35/35 MP: 6/6
  3563 | D:4      | Noticed an ogre
  3573 | D:4      | Killed an ogre
  3658 | D:4      | Reached XP level 7. HP: 34/40 MP: 7/7
  4494 | D:5      | Entered Level 5 of the Dungeon
  4974 | D:5      | Reached skill level 10 in Short Blades
  4982 | D:5      | Noticed a water moccasin
  4992 | D:5      | Killed a water moccasin
  4992 | D:5      | Reached XP level 8. HP: 19/44 MP: 8/8
  5015 | D:5      | Reached skill level 5 in Stealth
  5278 | D:5      | Found an iron altar of Okawaru.
  5278 | D:5      | Found a deep blue altar of Sif Muna.
  5644 | D:5      | Found a bloodstained altar of Trog.
  5777 | D:6      | Found a glowing silver altar of Zin.
  5822 | D:6      | Found a hazy altar of Hepliaklqana.
  5831 | D:6      | Noticed Pikel
  5909 | D:6      | Killed Pikel
  5909 | D:6      | Reached skill level 1 in Evocations
  5909 | D:6      | Reached XP level 9. HP: 35/48 MP: 9/9
  5957 | D:6      | Found a staircase to the Ecumenical Temple.
  5986 | Temple   | Entered the Ecumenical Temple
  6223 | Temple   | Became a worshipper of Uskayaw the Reveler
  6324 | D:6      | Reached * piety under Uskayaw
  6485 | D:6      | Reached ** piety under Uskayaw
  6597 | D:7      | Reached *** piety under Uskayaw
  6607 | D:7      | Reached **** piety under Uskayaw
  6694 | D:7      | Found a glowing silver altar of Zin.
  7612 | D:8      | Found a staircase to the Lair.
  7957 | D:8      | Reached XP level 10. HP: 53/55 MP: 11/11
  8033 | D:8      | Noticed Terrapin's ghost (novice DsGl)
  8375 | D:8      | Reached skill level 10 in Stealth
  8576 | D:8      | Noticed Prince Ribbit
  8592 | D:8      | Killed Prince Ribbit
  8608 | D:8      | Found a sparkling altar of Nemelex Xobeh.
  8768 | D:9      | Found an opulent altar of Gozag.
  8800 | D:9      | Reached skill level 5 in Dodging
  9223 | D:9      | Noticed a two-headed ogre
  9252 | D:9      | Reached skill level 5 in Fighting
  9536 | D:8      | Noticed a two-headed ogre
  9595 | D:9      | Killed a two-headed ogre
 10007 | D:9      | Found an iron altar of Okawaru.
 10094 | D:10     | Entered Level 10 of the Dungeon
 10094 | D:10     | Noticed a two-headed ogre
 10098 | D:10     | Killed a two-headed ogre
 10098 | D:10     | Reached XP level 11. HP: 64/64 MP: 12/12
 11379 | D:11     | Reached ***** piety under Uskayaw
 11508 | D:11     | Found Ydycvuymn's Armour Emporium.
 11577 | D:11     | Killed an unseen horror
 11920 | D:11     | Found Wunuap's General Store.
 11953 | D:11     | Killed an unseen horror
 12148 | D:11     | Bought a scroll of teleportation for 45 gold pieces
 12148 | D:11     | Bought a +1 helmet of intelligence for 247 gold pieces
 12368 | D:11     | Found a basalt altar of Yredelemnul.
 12451 | D:11     | Killed an unseen horror
 12504 | D:11     | Slain by a yak

Skill      XL: |  1  2  3  4  5  6  7  8  9 10 11 |
---------------+----------------------------------+-----
Stealth        | 1 2 3 4 7 8 12 14 | 14.0
Short Blades   | 5 6 7 8 10 12 14 | 14.1
Evocations     | 1 |  1.6
Dodging        | 4 7 9 |  9.3
Fighting       | 6 7 |  7.9
Throwing       | |  2.1

Action                   |  1- 3 |  4- 6 |  7- 9 | 10-12 || total
-------------------------+-------+-------+-------+-------++-------
Melee: Rapier            |   108 |   252 |   416 |   573 ||  1349
Invok: Stomp             |       |       |     1 |     1 ||     2
       Line Pass         |       |       |     1 |     1 ||     2
Evoke: Wand              |       |       |     5 |     3 ||     8
  Use: Scroll            |     3 |     6 |     6 |    10 ||    25
       Potion            |       |     3 |     7 |     3 ||    13
 Stab: Sleeping          |     1 |     4 |    14 |    21 ||    40
       Paralysed         |       |       |     3 |    14 ||    17
       Distracted        |       |       |     2 |     4 ||     6
  Eat: Chunk             |     9 |     8 |    14 |    21 ||    52
       Meat ration       |       |       |       |     1 ||     1
Armor: Leather armour    |    25 |    69 |    55 |       ||   149
       Robe              |       |       |    33 |   124 ||   157
Dodge: Dodged            |    79 |   203 |   206 |   349 ||   837
